 Dungeon Crawl Stone Soup version 0.31.0-11-ge490571c62 (webtiles) character file.

Game seed: 5917747899468090311

1120 qw the Skirmisher (level 8, -1/46 HPs)
             Began as a Deep Elf Hunter on Feb 3, 2024.
             Slain by an iguana (10 damage)
             ... on level 6 of the Dungeon.
             The game lasted 00:00:14 (2914 turns).

qw the Skirmisher (Deep Elf Hunter)                 Turns: 2914, Time: 00:00:15

Health: -1/46      AC: 10    Str: 10    XL:     8   Next: 12%
Magic:  10/10      EV: 12    Int: 15    God:
Gold:   234        SH:  0    Dex: 18    Spells: 7/7 levels left

rFire   . . .        a - +2 shortbow
rCold   . . .        (shield currently unavailable)
rNeg    . . .        e - +0 ring mail
rPois   .            c - +0 helmet
rElec   .            g - scarf {repulsion}
rCorr   .            (no gloves)
SInv    .            (no boots)
Will    .....        (no amulet)
Stlth   +            j - +4 ring of protection
HPRegen 0.27/turn    (no ring)
MPRegen 0.12/turn

%: repel missiles
@: about to teleport
A: no striking features
a: no special abilities


You were on level 6 of the Dungeon.
You visited 1 branch of the dungeon, and saw 7 of its levels.

You collected 273 gold pieces.
You spent 39 gold pieces at shops.


   Skills:
 - Level 3.0 Fighting
 + Level 11.6 Ranged Weapons
 - Level 2.5 Armour
 - Level 3.8 Dodging
 - Level 1.2 Stealth


You had 7 spell levels left.
You didn't know any spells.
Your spell library was empty.

Inventory:

Hand Weapons
 a - a +2 shortbow (weapon)
Armour
 c - a +0 helmet (worn)
 e - a +0 ring mail (worn)
 g - a scarf of repulsion (worn)
Jewellery
 i - a ring of fire
 j - a +4 ring of protection (left hand)
Wands
 b - a wand of charming (1)
Scrolls
 o - a scroll of vulnerability {unknown}
Potions
 d - a potion of might
 f - a potion of haste {unknown}
 h - 3 potions of heal wounds
 l - a potion of cancellation {unknown}
 m - 2 potions of curing {unknown}
 n - a potion of ambrosia {unknown}

Dungeon Overview and Level Annotations

Branches:
Dungeon (7/15)
 Temple: D:4-7

Altars:
Fedhas
Qazlal
Sif Muna
Zin

Shops:
D:2 *


Message History

The arrow closely misses the steam dragon.
You shoot an arrow. The iguana hisses angrily.
The arrow hits the iguana!
The iguana is heavily wounded.
You shoot an arrow. The gnoll shouts!
The arrow hits the steam dragon but does no damage.
The steam dragon is moderately wounded.
The steam dragon breathes steam at you. The ball of steam misses you.
You shoot an arrow. The arrow hits the gnoll.
The gnoll is lightly wounded.
You are engulfed in a cloud of scalding steam.
You shoot an arrow. The arrow hits the steam dragon!
The steam dragon is severely wounded.
You are engulfed in a cloud of scalding steam.
You shoot an arrow. The arrow hits the steam dragon.
The steam dragon is almost dead.
You are engulfed in a cloud of scalding steam.
You shoot an arrow. The arrow hits the steam dragon.
The steam dragon is almost dead.
You are engulfed in a cloud of scalding steam.
The gnoll barely misses you.
You shoot an arrow.
The arrow hits the steam dragon but does no damage.
The steam dragon is almost dead.
The iguana closely misses you. The gnoll hits you but does no damage.
The steam dragon breathes steam at you. The ball of steam hits you.
You shoot an arrow. The arrow hits the steam dragon.
You kill the steam dragon!
You are engulfed in a cloud of scalding steam.
The iguana barely misses you. The gnoll closely misses you.
You have reached level 8!
You feel clever.
2914 ||| READING scroll of teleportation.
As you read the scroll of teleportation, it crumbles to dust.
You feel strangely unstable. The iguana bites you!
You die...

..............+..........
.##.####...####.......>.
....# ##..# ....... #####
##.# ..... #.# #...######
#.# #.)......# #.# #)>#
#.#######g)# #.....¤@l.)#
########%...... #¤....##
#.....# ....#.# #......#
...## ##.#


You could see an iguana and a gnoll.

Vanquished Creatures
  Prince Ribbit (D:7)
  A steam dragon (D:6)
  Menkaure (D:4)
  A sky beast (D:7)
  An ogre (D:6)
  A centaur (D:6)
  A necrophage (D:4)
  2 scorpions
  2 hounds
  A jelly (D:4)
  Jessica (D:3)
  Robin (D:3)
  2 gnolls (D:6)
  2 adders
  2 white imps
  2 ufetubi (D:7)
  3 dart slugs
  An orc (D:2)
  5 bats
  3 endoplasms
  2 giant cockroaches
  13 goblins
  5 hobgoblins
  2 jackals (D:3)
  2 quokkas
  9 ball pythons
  5 frilled lizards
  6 kobolds
  A rat (D:1)
79 creatures vanquished.

Notes
Turn   | Place    | Note
-------+----------+-------------------------------------------
     0 | D:1      | qw the Deep Elf Hunter began the quest for the Orb.
     0 | D:1      | Reached XP level 1. HP: 12/12 MP: 3/3
     0 | D:1      | 0 ||| qw: Version: 0.3-a-158-g18b3111
     0 | D:1      | 0 ||| qw: Game counter: 4095
     0 | D:1      | 0 ||| qw: Melee chars always use a shield: true
     0 | D:1      | 0 ||| qw: God list: Okawaru
     0 | D:1      | 0 ||| qw: Allow faded altars: false
     0 | D:1      | 0 ||| qw: Do Orc after clearing Dungeon:15 true
     0 | D:1      | 0 ||| qw: Do second Lair branch before Depths: true
     0 | D:1      | 0 ||| qw: Lair rune preference: random
     0 | D:1      | 0 ||| qw: Goals: Normal
     0 | D:1      | 0 ||| PLANNING D:1-11
   131 | D:1      | Reached skill level 6 in Ranged Weapons
   131 | D:1      | Reached XP level 2. HP: 16/16 MP: 4/4
   702 | D:1      | 702 ||| UPGRADING to +0 ring mail.
   712 | D:1      | 712 ||| DROPPING +0 leather armour.
   713 | D:1      | 713 ||| READING scroll labelled WOS LYIPSILA.
   716 | D:1      | 716 ||| DROPPING scroll of butterflies.
   758 | D:2      | 758 ||| STAIRDANCE
   794 | D:2      | Reached XP level 3. HP: 20/20 MP: 5/5
   883 | D:2      | Found Usaabugoq's General Store.
   895 | D:2      | 895 ||| SHOPLISTING 3 scrolls of teleportation (117 gold,
                  | have 68).
   895 | D:2      | 895 ||| BUYING scroll of teleportation (39 gold).
   895 | D:2      | Bought a scroll of teleportation for 39 gold pieces
   895 | D:2      | 895 ||| SHOPLISTING scroll of teleportation (39 gold, have
                  | 29).
  1110 | D:2      | 1110 ||| UPGRADING to +4 ring of protection.
  1111 | D:2      | 1111 ||| READING scroll labelled ATACRO KEFOOFIAL.
  1111 | D:2      | 1111 ||| ENCHANTING +0 shortbow.
  1112 | D:2      | 1112 ||| READING 2 scrolls labelled KANOAQ XUTADU.
  1113 | D:2      | 1113 ||| READING 2 scrolls labelled AGHOLIGUDA.
  1114 | D:2      | 1114 ||| DROPPING scroll of revelation.
  1115 | D:2      | 1115 ||| DROPPING scroll of fear.
  1138 | D:3      | Found a stormy altar of Qazlal.
  1144 | D:3      | Noticed Jessica
  1147 | D:3      | 1147 ||| ZAPPING wand of quicksilver (8) at -2,1 (Jessica;
                  | floor).
  1147 | D:3      | Killed Jessica
  1148 | D:3      | Reached skill level 7 in Ranged Weapons
  1148 | D:3      | Reached XP level 4. HP: 25/25 MP: 6/6
  1184 | D:3      | Noticed Robin
  1188 | D:3      | Killed Robin
  1307 | D:3      | Reached skill level 8 in Ranged Weapons
  1575 | D:3      | 1575 ||| READING scroll of enchant weapon.
  1575 | D:3      | 1575 ||| ENCHANTING +1 shortbow.
  1957 | D:3      | Noticed an angel
  1958 | D:3      | Found a glowing silver altar of Zin.
  2005 | D:3      | 2005 ||| UPGRADING to +0 helmet.
  2010 | D:3      | 2010 ||| DRINKING 2 fuming golden potions.
  2011 | D:3      | 2011 ||| DRINKING 5 green potions.
  2012 | D:3      | 2012 ||| DROPPING potion of degeneration.
  2137 | D:4      | Noticed a scorpion
  2138 | D:4      | 2138 ||| ZAPPING wand of quicksilver (7) at 3,2 (scorpion;
                  | floor).
  2139 | D:4      | 2139 ||| ZAPPING wand of quicksilver (6) at 2,1 (scorpion;
                  | floor).
  2139 | D:4      | Killed a scorpion
  2140 | D:4      | Reached XP level 5. HP: 29/29 MP: 7/7
  2163 | D:4      | Found a shimmering blue altar of Sif Muna.
  2176 | D:4      | Reached skill level 9 in Ranged Weapons
  2196 | D:4      | Found a blossoming altar of Fedhas.
  2321 | D:4      | Noticed Menkaure
  2322 | D:4      | 2322 ||| ZAPPING wand of quicksilver (5) at 5,4 (Menkaure;
                  | floor).
  2323 | D:4      | 2323 ||| ZAPPING wand of quicksilver (4) at 5,4 (Menkaure;
                  | floor).
  2323 | D:4      | Killed Menkaure
  2324 | D:4      | Reached skill level 3 in Fighting
  2324 | D:4      | Reached XP level 6. HP: 37/37 MP: 8/8
  2390 | D:4      | 2390 ||| READING scroll labelled PIXZOD MAMIPEEX.
  2390 | D:4      | 2390 ||| IDENTIFYING fizzy yellow potion
  2391 | D:4      | 2391 ||| READING scroll labelled EKUIPL BAAKKOCISI.
  2392 | D:4      | 2392 ||| READING scroll labelled TASTRU GOODE.
  2394 | D:4      | 2394 ||| Stepping ~*~*~tactically~*~*~ (cloud).
  2536 | D:5      | Entered Level 5 of the Dungeon
  2537 | D:5      | 2537 ||| PLANNING OSSUARY
  2564 | D:5      | You fall into a shaft and drop 2 floors!
  2596 | D:7      | Reached skill level 10 in Ranged Weapons
  2600 | D:7      | Noticed a sky beast
  2601 | D:7      | 2601 ||| RETREEEEATING.
  2603 | D:7      | Reached XP level 7. HP: 41/41 MP: 9/9
  2616 | D:7      | HP: 10/41 [something (6)]
  2623 | D:7      | Noticed Prince Ribbit
  2624 | D:7      | 2624 ||| RETREEEEATING.
  2626 | D:7      | Reached skill level 3 in Dodging
  2629 | D:7      | 2629 ||| ZAPPING wand of quicksilver (3) at -6,-4 (Prince
                  | Ribbit; floor).
  2630 | D:7      | 2630 ||| ZAPPING wand of quicksilver (2) at -5,-3 (Prince
                  | Ribbit; floor).
  2633 | D:7      | 2633 ||| ZAPPING wand of quicksilver (1) at -7,-4 (Prince
                  | Ribbit; floor).
  2633 | D:7      | Killed Prince Ribbit
  2759 | D:7      | 2759 ||| UPGRADING to scarf of repulsion.
  2792 | D:6      | HP: 9/41 [iguana (3)]
  2793 | D:6      | Reached skill level 11 in Ranged Weapons
  2793 | D:6      | 2793 ||| READING 2 scrolls of teleportation.
  2794 | D:6      | 2794 ||| DRINKING 4 potions of heal wounds.
  2903 | D:6      | Noticed a steam dragon
  2913 | D:6      | Killed a steam dragon
  2913 | D:6      | HP: 8/41 [something (11)]
  2914 | D:6      | Reached XP level 8. HP: 9/46 MP: 10/10
  2914 | D:6      | 2914 ||| READING scroll of teleportation.
  2914 | D:6      | Slain by an iguana

Levels and vault maps discovered:
D:1:      mushboom_english_gardens, layout_loops_ring, serial_bayou_pond_c
D:2:      layout_rooms, serial_shops, shop, ebering_dispersal_statue_hall
D:3:      layout_basic, nicolae_qazlal_scattered_showers, zin_angel, uniq_robin,
          uniq_jessica
D:4:      layout_rooms, mainiacjoe_overflow_small_starburst,
          fedhas_altar_decomposition, uniq_menkaure
D:5:      layout_loops_cross, lemuel_crystal_altar,
          nicolae_ossuary_entry_monument, uniq_eustachio
D:6:      layout_loops_corners, glass_columns_a
D:7:      layout_basic, worldfamousw_hep_ancestral_shrine,
          minmay_temple_entry_gardened_gates, kennysheep_pointless_box,
          uniq_prince_ribbit1

Skill      XL: |  1  2  3  4  5  6  7 |
---------------+----------------------+-----
Ranged Weapons | 6 7 8 9 10 11 | 11.6
Fighting       | 3 |  3.0
Dodging        | 3 |  3.8
Armour         | 2 |  2.5
Stealth        | |  1.2

Action                     |  1- 3 |  4- 6 |  7- 9 || total
---------------------------+-------+-------+-------++-------
   Fire: Shortbow          |    82 |   107 |    58 ||   247
  Evoke: Wand              |     1 |     4 |     3 ||     8
    Use: Scroll            |     4 |     4 |     2 ||    10
         Potion            |       |     2 |     1 ||     3
 Armour: Leather armour    |     4 |       |       ||     4
         Ring mail         |     8 |    16 |    56 ||    80
  Dodge: Dodged            |    11 |    20 |    46 ||    77

Table legend:
 A = Non-vault XP
 B = Vault XP
 C = Vault XP percentage of total XP
 D = Non-vault monster count
 E = Vault monster count
 F = Vault count percentage of total count
                 A         B        C        D         E       F
            +---------+---------+-------+---------+---------+-------
      Total |    1003 |     597 |  37.3 |      63 |      16 |  20.3
            +---------+---------+-------+---------+---------+-------
        D:1 |      37 |       0 |   0.0 |      21 |       0 |   0.0
        D:2 |      24 |       0 |   0.0 |       8 |       0 |   0.0
        D:3 |      28 |      73 |  72.3 |      11 |      13 |  54.2
        D:4 |     190 |     256 |  57.4 |      12 |       2 |  14.3
        D:5 |      40 |       0 |   0.0 |       1 |       0 |   0.0
        D:6 |     456 |       0 |   0.0 |       6 |       0 |   0.0
        D:7 |     228 |     268 |  54.0 |       4 |       1 |  20.0
            +---------+---------+-------+---------+---------+-------
